 Dungeon Crawl Stone Soup version 0.26-a0-1184-g95e395e029 (webtiles) character file.

Game seed: 16367865916614026787

130757 sahdkjhfkaj the Cleaver (level 16, -6/125 HPs)
             Began as a Mummy Monk on Dec 27, 2020.
             Was an Initiate of Gozag.
             Shot with an arrow by Vashnia (23 damage)
             ... on level 2 of the Snake Pit.
             The game lasted 01:10:52 (31391 turns).

sahdkjhfkaj the Cleaver (Mummy Monk)               Turns: 31391, Time: 01:10:52

Health: -6/125     AC: 20    Str: 19    XL:     16   Next: 53%
Magic:  25/25      EV: 10    Int:  4    God:    Gozag
Gold:   1931       SH: 27    Dex: 16    Spells: 12/15 levels left

rFire    . . .     SeeInvis .   a - +9 broad axe (elec)
rCold    + . .     Faith    .   G - +8 tower shield {reflect}
rNeg     + + +     Spirit   .   I - +1 chain mail of Coisch {rElec}
rPois    ∞         Reflect  +   (no helmet)
rElec    +         Harm     .   F - +0 cloak "Citiorphayn" {MP+9 Str-4 Slay+5}
rCorr    .         Rampage  .   p - +0 pair of gloves "Xicut" {rC+ Str+3 Int-5}
Will     ++...                  i - +0 pair of boots
Stlth    ..........             u - amulet of regeneration
HPRegen  0.70/turn              x - ring of fire
MPRegen  0.19/turn              m - +4 ring of protection

@: gold aura
A: no potions, fire vulnerability, cold resistance 1, negative energy resistance
3, torment resistance, unbreathing, in touch with death 1
a: Renounce Religion, Potion Petition, Call Merchant, Bribe Branch


You were on level 2 of the Snake Pit.
You worshipped Gozag.
Gozag was most pleased with you.
You visited 5 branches of the dungeon, and saw 26 of its levels.
You also visited: Bailey and Gauntlet.

You collected 9880 gold pieces.
You spent 2337 gold pieces at shops.
You paid 5612 gold pieces to Gozag.

Inventory:

Hand Weapons
 a - a +9 broad axe of electrocution (weapon)
 b - a +1 hand axe of flaming
 B - a +2 dagger of distortion
Armour
 i - a +0 pair of boots (worn)
 p - the +0 pair of gloves "Xicut" (worn) {rC+ Str+3 Int-5}
   (You found it in a Gauntlet)

   It affects your strength (+3).
   It affects your intelligence (-5).
   It protects you from cold.
 F - the +0 cloak "Citiorphayn" (worn) {MP+9 Str-4 Slay+5}
   (You bought it in a shop on level 3 of the Lair of Beasts)

   It affects your strength (-4).
   It affects your accuracy and damage with ranged weapons and melee attacks
   (+5).
   It affects your magic capacity (+9).
 G - a +8 tower shield of reflection (worn)
 I - the +1 chain mail of Coisch (worn) {rElec}
   (You bought it in a shop on level 3 of the Lair of Beasts)

   It insulates you from electricity.
Jewellery
 g - a +6 ring of strength
 m - a +4 ring of protection (right hand)
 u - an amulet of regeneration (around neck)
 x - a ring of fire (left hand)
Wands
 c - a wand of acid (8)
 e - a wand of polymorph (13)
 k - a wand of flame (1)
 r - a wand of random effects (13)
 s - a wand of iceblast (11)
 y - a wand of paralysis (8)
 E - a wand of enslavement (21)
Scrolls
 d - 2 scrolls of teleportation {!r}
 f - 11 scrolls of identify
 h - 4 scrolls of magic mapping
 j - a scroll of brand weapon
 l - a scroll of fear
 n - 8 scrolls of remove curse
 o - 5 scrolls of blinking
 t - a scroll of immolation
 v - a scroll of holy word
 w - 2 scrolls of torment
 z - 3 scrolls of amnesia
 C - a scroll of vulnerability
 H - 4 scrolls of fog
Miscellaneous
 q - a box of beasts


   Skills:
 + Level 11.2 Fighting
 - Level 6.0 Long Blades
 - Level 13.9(14.0) Axes
 - Level 2.4(9.5) Polearms
 - Level 9.0 Armour
 - Level 9.0 Dodging
 - Level 2.3 Stealth
 * Level 13.7 Shields


You had 12 spell levels left.
You knew the following spells:

 Your Spells              Type           Power        Failure   Level
a - Passwall              Tmut/Erth      0%           100%        2
A - Animate Skeleton      Necr           0%           100%        1

Your spell library contained the following spells:

 Spells                   Type           Power        Failure   Level
 Apportation              Tloc           0%           100%        1
 Corona                   Hex            0%           100%        1
 Foxfire                  Conj/Fire      0%           100%        1
 Freeze                   Ice            0%           100%        1
 Sandblast                Erth           0%           100%        1
 Summon Small Mammal      Summ           0%           100%        1
 Ensorcelled Hibernation  Hex/Ice        0%           100%        2
 Searing Ray              Conj           0%           100%        2
 Confusing Touch          Hex            0%           100%        3
 Conjure Flame            Conj/Fire      0%           100%        3
 Dazzling Flash           Conj/Hex       0%           100%        3
 Frozen Ramparts          Ice            0%           100%        3
 Inner Flame              Hex/Fire       0%           100%        3
 Ozocubu's Armour         Ice            0%           100%        3
 Stone Arrow              Conj/Erth      0%           100%        3
 Tukima's Dance           Hex            0%           100%        3
 Fulminant Prism          Conj/Hex       0%           100%        4
 Hailstorm                Conj/Ice       0%           100%        4
 Petrify                  Tmut/Erth      0%           100%        4
 Sticky Flame             Conj/Fire      0%           100%        4
 Summon Ice Beast         Ice/Summ       0%           100%        4
 Fireball                 Conj/Fire      0%           100%        5
 Lee's Rapid Deconstruct  Erth           0%           100%        5
 Freezing Cloud           Conj/Ice/Air   0%           100%        6


Dungeon Overview and Level Annotations

Branches:
Dungeon (15/15)            Temple (1/1) D:6            Lair (6/6) D:9
  Swamp (0/4) Lair:3        Snake (2/4) Lair:2        Slime (0/5) Lair:5
    Orc (2/2) D:11            Elf (0/3) Orc:2        Vaults (0/5) D:14
 Depths (0/5) D:15         Bailey (visited)         Gauntlet (visited)

Altars:
Ashenzari
Cheibriados
Dithmenos
Elyvilon
Fedhas
Gozag
Hepliaklqana
Kikubaaqudgha
Makhleb
Nemelex Xobeh
Okawaru
Qazlal
Ru
Sif Muna
Trog
Uskayaw
Vehumet
Wu Jian
Xom
Yredelemnul
Zin
The Shining One
Beogh
Jiyva

Shops:
D:12 ?   D:15 [[   Orc:2 (*=!   Lair:1 (   Lair:3 [

Annotations:
D:11 2 transporters, Frask's ghost, journeyman MiMo
D:15 1 runed translucent door, exclusion: orange crystal statue
Lair:1 exclusion: oklob plant
Lair:3 2 transporters
Lair:4 1 runed translucent door
Lair:5 exclusion: upstairs
Snake:2 Vashnia


Innate Abilities, Weirdness & Mutations

You do not drink.
Your flesh is vulnerable to fire.
You are immune to poison.
Your flesh is cold resistant. (rC+)
You are immune to negative energy. (rN+++)
You are immune to unholy pain and torment.
You can survive without breathing.
You are in touch with the powers of death.


Message History

The naga sharpshooter constricts you.
You escape the naga sharpshooter's grasp.
The naga ritualist points at you and mumbles some strange words.
Your +8 tower shield of reflection reflects the lance of force!
The lance of force hits the naga ritualist!
The naga ritualist is knocked back by the lance of force.
The naga ritualist collides with the naga!
The naga becomes distracted by the nearby gold, dreaming of imaginary riches.
The naga sharpshooter gestures wildly while chanting.
The naga sharpshooter magically shoots an arrow.
You reflect the arrow off your +8 tower shield of reflection!
The naga warrior spits poison at you.
Your +8 tower shield of reflection reflects the splash of poison!
The splash of poison hits the naga warrior.
The naga sharpshooter shoots a bolt.
The bolt hits you!!
* * * LOW HITPOINT WARNING * * *
Vashnia gestures wildly while chanting.
Vashnia magically shoots an arrow.
The arrow hits you!!
You die...
Your body crumbles into a pile of gold.

#.########## ##
#.# .( #
#.####### #.#.#.
#.#...(.# .(#..
#.#.###.####..'..
#...# #(#((.((#
##### #((.NNN##.#
#.###N.NN...#
#....N@#N#..#
#.##.(.# .. #.#.#
N #.#N. #.##.# ..
.# ## ##


You could see Vashnia (poisoned), a naga warrior (catching breath), 3 naga
sharpshooters, a naga ritualist (poisoned, catching breath) and 2 nagas.

Vanquished Creatures
  Donald (Orc:2)
  3 orc warlords
  An ironheart preserver (D:14)
  Nessos (D:15)
  2 ettins (Orc:1)
  The ghost of Ampipap the Purveyor of Pain, a journeyman DsNe of Kikubaaqudgha (Lair:4)
  Snorg (D:10)
  Josephine (Snake:1)
  A great orb of eyes (shapeshifter) (D:15)
  8 hydras
  An anaconda (Snake:1)
  9 two-headed ogres
  An ogre mage (D:15)
  12 death yaks
  Urug (Lair:1)
  3 tengu warriors
  4 centaur warriors (D:15)
  2 shock serpents (Snake:1)
  4 naga sharpshooters (Snake:1)
  A sixfirhy (Gauntlet)
  5 unseen horrors
  A salamander mystic (Snake:1)
  A lindwurm (Lair:6)
  Pikel (D:7)
  2 naga ritualists (Snake:1)
  9 orc knights
  3 mana vipers (Snake:1)
  A wolf spider (D:15)
  3 cyclopes
  3 manticores
  An orc sorcerer (D:12)
  2 deep elf magi
  3 salamanders (Snake:1)
  19 ugly things
  5 naga magi (Snake:1)
  20 black mambas
  5 centaur zombies
  5 elephants
  8 cane toads
  Maurice (D:13)
  A gargoyle (D:14)
  A torpor snail (Lair:2)
  11 rime drakes
  Maggie (D:10)
  12 komodo dragons
  2 kobold demonologists (D:11)
  An efreet (D:13)
  2 tengu conjurers
  6 trolls
  A jumping spider (shapeshifter) (D:15)
  5 polar bears
  A wind drake (Lair:6)
  A wolf spider simulacrum (Gauntlet)
  A merfolk (D:14)
  4 hornets
  6 dream sheep (Lair:3)
  16 blink frogs
  6 slime creatures (D:12)
  Sigmund (D:2)
  5 shadows
  2 water elementals (D:14)
  8 wraiths
  2 basilisks
  10 wyverns
  55 yaks
  8 vampire mosquitoes (D:12)
  The ghost of Dazliare the Cutter, an amateur MiNe (D:5)
  A steam dragon (D:13)
  8 wargs
  2 swamp worms (Lair:3)
  2 acid dragons (D:12)
  7 nagas (Snake:1)
  A hydra simulacrum (Lair:6)
  Duvessa (D:6)
  17 water moccasins
  56 orc warriors
  A meliai simulacrum (D:14)
  2 ice beasts
  3 black bears
  A boulder beetle simulacrum (Lair:6)
  9 ogres
  4 sky beasts
  A hornet zombie (D:14)
  3 necrophages
  2 eyes of draining
  4 phantoms
  7 wolves
  4 centaurs
  4 big kobolds
  An elf zombie (D:7)
  A gnoll sergeant (D:11)
  24 bullfrogs
  2 cane toad simulacra (Lair:6)
  5 scorpions
  Dowan (D:6)
  An oklob sapling (D:6)
  46 killer bees (Lair:1)
  29 wights
  A dream sheep simulacrum (Lair:6)
  2 electric eels (D:14)
  4 howler monkeys
  A torpor snail simulacrum (Lair:6)
  A lava snake (D:10)
  A crimson imp (D:7)
  5 bullfrog skeletons
  A bullfrog zombie (D:12)
  7 hounds
  5 jellies
  5 centaur skeletons
  23 orc priests
  3 human zombies (D:7)
  6 hell rats (Lair:4)
  3 iguanas
  9 worker ants
  Natasha (thrice) (D:4)
  36 orc wizards
  A hound skeleton (D:4)
  A mummy (D:7)
  A howler monkey zombie (D:5)
  5 gnolls
  A howler monkey skeleton (D:11)
  10 adders
  2 shadow imps
  2 white imps
  4 ufetubi
  3 oozes
  An adder zombie (D:6)
  7 leopard geckos
  127 orcs
  5 ball pythons
  2 giant cockroaches
  13 goblins
  9 hobgoblins
  8 jackals
  30 kobolds
  5 quokkas
  10 bats
  5 frilled lizards
  A jackal skeleton (D:7)
  A jackal zombie (D:7)
  7 rats
953 creatures vanquished.

Vanquished Creatures (collateral kills)
  A bullfrog (D:12)
  An orc priest (D:12)
  An orc (D:12)
3 creatures vanquished.

Vanquished Creatures (others)
  A salamander mystic (Snake:1)
  A manticore (D:15)
  5 dream sheep (D:11)
  An orc wizard (D:6)
  2 bushes (Lair:3)
  48 fungi
  97 plants
155 creatures vanquished.

Grand Total: 1111 creatures vanquished

Notes
Turn   | Place    | Note
-------+----------+-------------------------------------------
     0 | D:1      | sahdkjhfkaj the Mummy Monk began the quest for the Orb.
     0 | D:1      | Reached XP level 1. HP: 18/18 MP: 1/1
   237 | D:1      | Reached XP level 2. HP: 24/24 MP: 2/2
   953 | D:1      | Reached XP level 3. HP: 17/30 MP: 3/3
  1733 | D:2      | Reached skill level 1 in Shields
  1840 | D:2      | Noticed Sigmund
  1858 | D:2      | HP: 1/30 [Sigmund/+0 scythe (9)]
  1860 | D:2      | Killed Sigmund
  1861 | D:2      | Reached XP level 4. HP: 2/37 MP: 4/4
  1861 | D:2      | Reached XP level 5. HP: 2/42 MP: 5/5
  3067 | D:3      | Reached XP level 6. HP: 48/48 MP: 6/6
  3181 | D:4      | Got a brightly glowing falchion
  3181 | D:4      | Identified the +9 falchion "Q" {freeze, +Blink} (You found
                  | it on level 4 of the Dungeon)
  3267 | D:4      | Reached skill level 1 in Long Blades
  3543 | D:4      | Reached XP level 7. HP: 49/55 MP: 7/7
  3654 | D:4      | Noticed Natasha
  3664 | D:4      | Killed Natasha
  3665 | D:4      | Reached skill level 5 in Fighting
  3710 | D:4      | Noticed Natasha
  3733 | D:4      | Killed Natasha
  3755 | D:4      | Noticed Natasha
  3763 | D:4      | Killed Natasha
  3944 | D:4      | Got a bloodstained helmet
  3949 | D:4      | Identified the +2 helmet of Grace {rN+ Will- SInv} (You
                  | found it on level 4 of the Dungeon)
  4258 | D:5      | Entered Level 5 of the Dungeon
  4446 | D:5      | Found a transporter.
  4450 | D:5      | Found a transporter.
  4450 | D:5      | Noticed Dazliare's ghost (amateur MiNe)
  4786 | D:5      | Reached XP level 8. HP: 64/64 MP: 8/8
  4855 | D:5      | Reached skill level 5 in Long Blades
  4952 | D:5      | Killed Dazliare's ghost
  5426 | D:6      | Reached skill level 1 in Armour
  5792 | D:6      | Noticed Dowan
  5792 | D:6      | Noticed Duvessa
  5799 | D:6      | Killed Dowan
  5810 | D:6      | Killed Duvessa
  5958 | D:6      | Found a staircase to the Ecumenical Temple.
  6192 | Temple   | Entered the Ecumenical Temple
  6429 | Temple   | Became a worshipper of Gozag Ym Sagoz the Greedy
  6889 | D:7      | Noticed Pikel
  6948 | D:7      | Killed Pikel
  6949 | D:7      | Reached XP level 9. HP: 24/69 MP: 9/9
  7124 | D:7      | Found a stormy altar of Qazlal.
  7223 | D:7      | Reached skill level 5 in Armour
  7239 | D:7      | Reached skill level 5 in Dodging
  7264 | D:7      | Found an ancient bone altar of Kikubaaqudgha.
  7361 | D:7      | Found the +4 skin of Zhor {Englaciate rC+++ SInv}
  7779 | D:7      | Found a burning altar of Makhleb.
  7779 | D:7      | Found a radiant altar of Vehumet.
  7937 | D:7      | Found a glowing silver altar of Zin.
  8005 | D:7      | Found a hide-covered altar of Uskayaw.
  8009 | D:7      | Found a basalt altar of Yredelemnul.
  8010 | D:7      | Found a snail-covered altar of Cheibriados.
  8371 | D:8      | Reached XP level 10. HP: 76/76 MP: 10/10
  8547 | D:8      | Found a bloodstained altar of Trog.
  9223 | D:9      | Found a shimmering altar of Xom.
  9415 | D:9      | Noticed an unseen horror
  9424 | D:9      | Killed an unseen horror
  9453 | D:9      | Found a staircase to the Lair.
  9648 | D:9      | Noticed a two-headed ogre
  9845 | D:9      | Found a glowing golden altar of the Shining One.
 10079 | D:9      | Killed a two-headed ogre
 10218 | D:10     | Entered Level 10 of the Dungeon
 10313 | D:10     | Noticed an eight-headed hydra
 10525 | Lair:1   | Entered Level 1 of the Lair of Beasts
 10533 | Lair:1   | Noticed a cane toad
 10540 | Lair:1   | Killed a cane toad
 10588 | Lair:1   | Noticed an oklob plant
 10621 | Lair:1   | Reached XP level 11. HP: 89/89 MP: 11/11
 10671 | Lair:1   | Reached skill level 10 in Fighting
 10875 | Lair:1   | Bought a glowing broad axe for 280 gold pieces
 10875 | Lair:1   | Bought a runed broad axe for 280 gold pieces
 10945 | Lair:1   | Reached skill level 1 in Axes
 11503 | Lair:1   | Noticed Urug
 11526 | Lair:1   | Killed Urug
 11747 | Lair:2   | Reached skill level 5 in Axes
 11780 | Lair:2   | Found a staircase to the Snake Pit.
 12391 | Lair:2   | Reached XP level 12. HP: 97/97 MP: 12/12
 13370 | Lair:3   | Found a transporter.
 13372 | Lair:3   | Found a transporter.
 13373 | Lair:3   | Noticed a boulder beetle
 13522 | Lair:3   | Noticed a death yak
 13524 | Lair:3   | Noticed a death yak
 13524 | Lair:3   | Noticed a death yak
 13918 | Lair:3   | Bought a shimmering cloak for 190 gold pieces
 13928 | Lair:3   | Identified the cursed +0 cloak "Citiorphayn" {MP+9 Str-4
                  | Slay+5} (You bought it in a shop on level 3 of the Lair of
                  | Beasts)
 13992 | Lair:3   | Reached skill level 10 in Axes
 14223 | Lair:3   | Noticed a six-headed hydra
 14232 | Lair:3   | Noticed a five-headed hydra
 14234 | Lair:3   | Killed a one-headed hydra
 14367 | Lair:2   | Killed a death yak
 14388 | Lair:2   | Killed a death yak
 14624 | Lair:2   | Killed a death yak
 14644 | Lair:3   | Killed a one-headed hydra
 14693 | Lair:3   | Found a staircase to the Swamp.
 15087 | Lair:4   | Found a gate leading to a gauntlet.
 15096 | Gauntlet | Entered a Gauntlet
 15096 | Gauntlet | Found a transporter.
 15096 | Gauntlet | Found a runed translucent gate.
 15096 | Gauntlet | Found a transporter.
 15107 | Gauntlet | Found a transporter.
 15108 | Gauntlet | Found a transporter.
 15115 | Gauntlet | Noticed a catoblepas
 15117 | Gauntlet | Found a transporter.
 15120 | Gauntlet | Found a transporter.
 15128 | Gauntlet | Found a transporter.
 15144 | Gauntlet | Found a transporter.
 15158 | Gauntlet | Found a transporter.
 15162 | Gauntlet | Found a transporter.
 15166 | Gauntlet | Found a runed translucent door.
 15166 | Gauntlet | Found a runed translucent door.
 15170 | Gauntlet | Found a transporter.
 15174 | Gauntlet | Found a transporter.
 15176 | Gauntlet | Found a runed translucent gate.
 15176 | Gauntlet | Found a runed translucent gate.
 15210 | Gauntlet | Noticed a two-headed ogre
 15250 | Gauntlet | a two-headed ogre changed into a swamp worm
 15282 | Gauntlet | Noticed an anaconda
 15282 | Gauntlet | a merfolk changed into an anaconda
 15338 | Gauntlet | Noticed a fire dragon
 15338 | Gauntlet | an anaconda changed into a fire dragon
 15347 | Gauntlet | a fire dragon changed into a torpor snail
 15386 | Gauntlet | Gained mutation: You are in touch with the powers of death.
                  | [Mummy growth]
 15386 | Gauntlet | Reached XP level 13. HP: 90/103 MP: 13/13
 15421 | Gauntlet | Got a pair of crude gloves
 15618 | Gauntlet | Noticed a minotaur
 15643 | Gauntlet | HP: 3/103 [minotaur/silver javelin (6)]
 16443 | Lair:4   | Found a runed translucent door.
 17152 | Lair:4   | Identified the cursed +0 pair of gloves "Xicut" {rC+ Str+3
                  | Int-5} (You found it in a Gauntlet)
 17191 | Lair:5   | Found a viscous altar of Jiyva.
 17191 | Lair:5   | Found a staircase to the Slime Pits.
 17734 | Lair:5   | Learned a level 1 spell: Animate Skeleton
 18887 | Lair:6   | Entered Level 6 of the Lair of Beasts
 19197 | Lair:6   | Found a runed translucent gate.
 19197 | Lair:6   | Found a runed translucent gate.
 19197 | Lair:6   | Found a runed translucent gate.
 19926 | Lair:6   | Reached XP level 14. HP: 110/110 MP: 14/14
 20044 | Lair:6   | Identified the Handbook of Combat Magic
 20049 | Lair:6   | Learned a level 2 spell: Passwall
 20110 | Lair:6   | Noticed Ampipap's ghost (journeyman DsNe)
 20251 | Lair:4   | Killed Ampipap's ghost
 20599 | Lair:3   | Bought a glowing tower shield for 150 gold pieces
 20599 | Lair:3   | Bought a polished plate armour for 560 gold pieces
 20599 | Lair:3   | Bought a scorched chain mail for 190 gold pieces
 20621 | Lair:3   | Identified the +4 plate armour of the Onion {rElec Str-3
                  | Int-5 SInv} (You bought it in a shop on level 3 of the Lair
                  | of Beasts)
 20621 | Lair:3   | Lost intelligence.
 20653 | Lair:3   | Identified the cursed +1 chain mail of Coisch {rElec} (You
                  | bought it in a shop on level 3 of the Lair of Beasts)
 21785 | D:10     | Reached skill level 5 in Shields
 21908 | D:10     | Noticed Snorg
 21964 | D:10     | Killed Snorg
 22091 | D:10     | Noticed Maggie
 22102 | D:10     | Killed Maggie
 22412 | D:11     | Found a staircase to the Orcish Mines.
 22847 | D:11     | Found a transporter.
 22864 | D:11     | Noticed Frask's ghost (journeyman MiMo)
 22876 | D:11     | Found a transporter.
 22991 | D:11     | Found a shimmering altar of Xom.
 23131 | D:12     | You fall into a shaft and drop 1 floor!
 23133 | D:13     | Noticed Maurice
 23143 | D:13     | Killed Maurice
 23546 | D:12     | Found a flagged portal.
 23552 | Bailey   | Entered a bailey
 23557 | Bailey   | Noticed an orc warlord
 23662 | Bailey   | Found a runed translucent gate.
 23663 | Bailey   | Found a runed translucent gate.
 23665 | Bailey   | Found a runed translucent gate.
 23892 | Bailey   | Killed an orc warlord
 23908 | Bailey   | Identified a scroll of acquirement
 23908 | Bailey   | Acquired 662 gold pieces
 23933 | D:12     | Bought a scroll of identify for 26 gold pieces
 23933 | D:12     | Bought a scroll of identify for 26 gold pieces
 23933 | D:12     | Bought a scroll of identify for 26 gold pieces
 23933 | D:12     | Bought a scroll of enchant armour for 97 gold pieces
 23933 | D:12     | Bought a scroll of identify for 26 gold pieces
 23933 | D:12     | Bought 2 scrolls of enchant weapon for 195 gold pieces
 23933 | D:12     | Bought a scroll of fog for 26 gold pieces
 23933 | D:12     | Bought a scroll of blinking for 97 gold pieces
 23933 | D:12     | Bought a scroll of identify for 26 gold pieces
 23933 | D:12     | Bought a scroll of identify for 26 gold pieces
 23933 | D:12     | Bought a scroll of fog for 26 gold pieces
 25418 | D:14     | Reached XP level 15. HP: 105/115 MP: 15/15
 25897 | D:14     | Found a gate to the Vaults.
 26605 | D:15     | Entered Level 15 of the Dungeon
 26605 | D:15     | Noticed Nessos
 26609 | D:15     | Killed Nessos
 26637 | D:15     | Reached skill level 10 in Shields
 26960 | D:15     | Found Deadum's Armour Emporium.
 27028 | D:15     | Found a staircase to the Depths.
 27256 | D:15     | Found a runed translucent door.
 27764 | Orc:1    | Entered Level 1 of the Orcish Mines
 27773 | Orc:1    | Noticed an orc warlord
 28073 | D:11     | Killed an orc warlord
 28568 | Orc:2    | Entered Level 2 of the Orcish Mines
 28584 | Orc:2    | Noticed an orc warlord
 28598 | Orc:2    | Killed an orc warlord
 28600 | Orc:2    | Found a staircase to the Elven Halls.
 28768 | Orc:2    | Noticed Donald
 28784 | Orc:2    | Killed Donald
 28785 | Orc:2    | Reached XP level 16. HP: 70/122 MP: 16/16
 29036 | Orc:2    | Found a roughly hewn altar of Beogh.
 29239 | Orc:2    | Found Douxodog's Weapon Shop.
 29266 | Orc:2    | Found Fanu's General Store.
 29298 | Orc:2    | Bought a scroll of enchant armour for 90 gold pieces
 29490 | Orc:2    | Found Fenwe's Distillery.
 29501 | Orc:2    | Found Baosomn's Jewellery Shop.
 29788 | Snake:1  | Entered Level 1 of the Snake Pit
 30300 | Snake:1  | Noticed Josephine
 30305 | Snake:1  | Killed Josephine
 31238 | Snake:2  | Noticed Vashnia
 31391 | Snake:2  | Shot with an arrow by Vashnia

Illustrated notes

Levels and vault maps discovered:
D:1:      dpeg_arrival_concentric_ovals, layout_basic
D:2:      layout_rooms, uniq_sigmund
D:3:      layout_rooms
D:4:      layout_basic, serial_bayou_pond_d, grunt_decor_arrowhead, uniq_natasha
D:5:      layout_gridville, gammafunk_ghost_arena, fountainhead,
          hangedman_glass_teeth
D:6:      layout_loops_corners, minmay_temple_entry_oklob, uniq_duvessa
D:7:      layout_layer_cave, grunt_temple_overflow_lords_of_destruction,
          zin_statuary, grunt_temple_overflow_open, basic_altar,
          lemuel_mausoleum_altar_kikubaaqudgha, uniq_pikel
D:8:      layout_basic, lemuel_doored_altar
D:9:      layout_stronghold, kennysheep_mini, nicolae_tso_swordbearing_angel,
          dpeg_oklobed_lair
D:10:     layout_basic, hangedman_abyss_or_decor_slice, kennysheep_potato,
          uniq_maggie, uniq_snorg
D:11:     layout_cave_pools, orc_david_3, gammafunk_ghost_berserking_beasts,
          kb_xom_exploding_sheep
D:12:     layout_stronghold, enter_bailey_3
D:13:     layout_irregular_city, kennysheep_path_1, uniq_maurice
D:14:     layout_small_grid, skrybe_vaults_entry_preservation,
          chequers_big_river, corexii_checkpoint_b, hangedman_fish_farm
D:15:     hangedman_depths_entry_try_elsewhere_first, layout_loops_cross,
          serial_shops, shop, chequers_avenue, minmay_crystal_box, uniq_nessos
Temple:   oiseaux_autumnal_temple
Lair:1:   wad_woods_minihive, layout_loops_ring, minmay_lair_oklob_bushes,
          uniq_urug, uniq_grum
Lair:2:   layout_cave_pods, minmay_snake_entry_six_corridors, minivault_27
Lair:3:   gammafunk_boulding_lane, layout_gridlike, palyth_hydra_swamp_entry,
          chequers_serial_rivers_micro_d, minivault_25, serial_bayou_pond_d,
          minmay_hedge_maze
Lair:4:   gammafunk_mikee_crab_dinner, layout_long_grid, gauntlet_entry_generic,
          serial_bayou_shore_a
Lair:5:   layout_cellular_growth, slime_altar_1, columned_hall_lemuel,
          infiniplex_staircase_pool_2, serial_bayou_shore_b
Lair:6:   gammafunk_lair_ancient_temple, layout_regular_city,
          gammafunk_ghost_icy, nicolae_quartered_pool_medium
Snake:1:  layout_gridlike, drop_trap, st_stairs_11, uniq_josephine
Snake:2:  layout_basic, gammafunk_ghost_necromancy, uniq_vashnia
Orc:1:    layout_caves
Orc:2:    st_orc_town, layout_caves, uniq_donald

Skill      XL: |  1  2  3  4  5  6  7  8  9 10 11 12 13 14 15 16 |
---------------+-------------------------------------------------+-----
Stealth        | 2 |  2.3
Fighting       | 4 5 6 9 10 11 | 11.2
Shields        | 3 4 8 12 13 | 13.7
Long Blades    | 2 4 6 |  6.0
Armour         | 4 6 7 9 |  9.0
Dodging        | 4 6 7 9 |  9.0
Axes           | 7 11 13 | 13.9
Polearms       | |  2.4

Action                   |  1- 3 |  4- 6 |  7- 9 | 10-12 | 13-15 | 16-18 || total
-------------------------+-------+-------+-------+-------+-------+-------++-------
Melee: Spear             |   152 |   123 |       |       |       |       ||   275
       Falchion          |       |    31 |   310 |   698 |     9 |       ||  1048
       Hand axe          |       |       |       |    14 |    57 |       ||    71
       Broad axe         |       |       |       |     2 |  1036 |   277 ||  1315
Invok: Call Merchant     |       |       |       |     2 |     2 |       ||     4
       Potion Petition   |       |       |       |     1 |     5 |       ||     6
Evoke: Wand              |       |       |       |    11 |     5 |       ||    16
       Box of beasts     |       |       |       |       |     1 |       ||     1
  Use: Scroll            |       |     4 |     3 |     7 |    29 |     1 ||    44
 Stab: Sleeping          |     3 |       |       |     8 |       |       ||    11
       Distracted        |       |       |     1 |     2 |    10 |     4 ||    17
       Confused          |       |       |       |     1 |       |       ||     1
       Invisible         |       |       |       |       |     3 |       ||     3
Armor: Robe              |    12 |       |       |       |       |       ||    12
       Scale mail        |    17 |    52 |    84 |       |       |       ||   153
       Leather armour    |     2 |       |       |       |       |       ||     2
       Animal skin       |       |       |    10 |   142 |    93 |       ||   245
       Chain mail        |       |       |       |       |   230 |    44 ||   274
Dodge: Dodged            |    82 |    74 |   146 |   414 |   403 |    48 ||  1167
Block: Buckler           |       |    31 |    64 |   144 |    79 |       ||   318
       Tower shield      |       |       |       |       |   760 |   367 ||  1127
       Reflection        |       |       |       |       |    96 |    66 ||   162
       Rpst.: Falchion   |       |     3 |    38 |   140 |       |       ||   181

Table legend: (Time is in decaauts)
 A = Elapsed time spent in this place.
 B = Non-inter-level travel time spent in this place.
 C = Inter-level travel time spent in this place.
 D = Time resting spent in this place.
 E = Time spent auto-exploring this place.
 F = Levels seen in this place.
 G = Mean time per level.
                   A        B        C        D        E       F      G
               +--------+--------+--------+--------+--------+-----+--------+
         Total |  31640 |  28985 |   2655 |   2014 |  19104 |  28 | 1130.0 |
       Dungeon |  17004 |  15710 |   1294 |    311 |  11447 |  15 | 1133.6 |
        Temple |    273 |    235 |     38 |      0 |    232 |   1 |  273.0 |
          Lair |  10452 |   9280 |   1172 |   1167 |   5381 |   6 | 1742.0 |
     Snake Pit |   1421 |   1325 |     96 |    196 |    680 |   2 |  710.5 |
  Orcish Mines |   1579 |   1525 |     54 |      0 |   1106 |   2 |  789.5 |
        Bailey |    377 |    377 |      0 |     56 |    151 |   1 |  377.0 |
      Gauntlet |    532 |    532 |      0 |    284 |    106 |   1 |  532.0 |
               +--------+--------+--------+--------+--------+-----+--------+

Top non-repeatable levels by time:
  Lair:5: 2193 daAuts
  Lair:4: 2134 daAuts
  Lair:3: 1961 daAuts
     D:1: 1901 daAuts
  Lair:2: 1720 daAuts
     D:7: 1457 daAuts
  Lair:1: 1403 daAuts
     D:6: 1391 daAuts
 Snake:1: 1265 daAuts
    D:14: 1262 daAuts
    D:11: 1241 daAuts
    D:10: 1204 daAuts
     D:4: 1171 daAuts
   Orc:2: 1131 daAuts
    D:15: 1080 daAuts
